 Dungeon Crawl Stone Soup version 0.28.0 (webtiles) character file.

Game seed: 10831114134127500035

496 HallandMoats the Skirmisher (level 6, 0/50 HPs)
             Began as a Demonspawn Monk on Feb 6, 2022.
             Was an Elder of Dithmenos.
             Killed from afar by a white imp (4 damage)
             ... with a puff of frost
             ... summoned by Eustachio
             ... on level 5 of the Dungeon.
             The game lasted 00:06:45 (5934 turns).

HallandMoats the Skirmisher (Demonspawn Monk)       Turns: 5934, Time: 00:06:46

Health: 0/50       AC:  7    Str: 19    XL:     6   Next: 93%
Magic:  8/8        EV: 11    Int: 12    God:    Dithmenos [****..]
Gold:   170        SH:  0    Dex: 15    Spells: 5/5 levels left

rFire   . . .      SeeInvis .     - Unarmed
rCold   . . .      Faith    .   (no shield)
rNeg    . . .      Spirit   .   f - +0 scale mail
rPois   .          Reflect  .   k - +0 helmet
rElec   .          Harm     .   (no cloak)
rCorr   .          Rampage  .   (no gloves)
Will    .....                   (no boots)
Stlth   +.........              (no amulet)
HPRegen 0.16/turn               j - +6 ring of strength
MPRegen 0.11/turn               (no ring)

@: wreathed by umbra
A: demonic guardian 1
a: Renounce Religion, Shadow Step


You were on level 5 of the Dungeon.
You worshipped Dithmenos.
Dithmenos was greatly pleased with you.
You visited 1 branch of the dungeon, and saw 5 of its levels.

You collected 170 gold pieces.

Inventory:

Hand Weapons
 a - a +0 dagger of venom
Armour
 f - a +0 scale mail (worn)
 k - a +0 helmet (worn)
Jewellery
 i - a ring of ice
 j - a +6 ring of strength (left hand)
Wands
 l - a wand of paralysis (11)
Scrolls
 b - a scroll of enchant weapon {unknown}
 c - a scroll of teleportation
 e - a scroll of magic mapping
 h - a scroll of enchant armour
Potions
 d - 2 potions of curing {unknown}
 g - a potion of brilliance {unknown}
 m - a potion of heal wounds {unknown}
 n - 2 potions of lignification {unknown}
 o - a potion of mutation {unknown}
 p - a potion of attraction {unknown}


   Skills:
 * Level 4.9 Fighting
 + Level 2.1 Armour
 + Level 3.6 Dodging
 - Level 1.7 Stealth
 * Level 4.5 Unarmed Combat
 + Level 3.1 Invocations


You had 5 spell levels left.
You didn't know any spells.
Your spell library contained the following spells:

 Spells                   Type           Power      Damage    Failure   Level
 Pain                     Necr           0%         1d4       69%         1
 Animate Dead             Necr           0%         N/A       100%        4
 Agony                    Necr           0%         N/A       100%        5
 Excruciating Wounds      Necr           0%         N/A       100%        5
 Haunt                    Necr/Summ      0%         N/A       100%        7
 Infestation              Necr           0%         N/A       100%        8


Dungeon Overview and Level Annotations

Branches:
Dungeon (5/15)
 Temple: D:4-7

Altars:
Dithmenos

Shops:
D:4 (

Annotations:
D:3 2 transporters, Natasha
D:5 Eustachio


Innate Abilities, Weirdness & Mutations

A weak demonic guardian rushes to your aid.


Message History

You are too injured to fight recklessly!
You are too injured to fight recklessly!
You are too injured to fight recklessly!
You are too injured to fight recklessly!
You are too injured to fight recklessly!
You are too injured to fight recklessly!
You are too injured to fight recklessly!
You are too injured to fight recklessly!
You are too injured to fight recklessly!
Your white imp gestures at Eustachio.
The puff of frost hits Eustachio!
The shadow imp hits you.
Your white imp misses Eustachio.
Eustachio mumbles some strange words.
Your white imp closely misses Eustachio.
Found a stone staircase leading up.
Eustachio casts a spell.
Your white imp hits Eustachio.
Your white imp freezes Eustachio.
Found 2 glowing inky potions.
Found a stone staircase leading up.
The rat disappears in a puff of smoke!
The white imp gestures at you. The puff of frost hits you!
* * * LOW HITPOINT WARNING * * *
Found a scroll labelled WUXUUM FYXZIPN.
The iron imp disappears in a puff of smoke!
A scorpion comes into view.
Eustachio gestures wildly while chanting.
Eustachio blinks!
The white imp gestures at you. The puff of frost hits you.
* * * LOW HITPOINT WARNING * * *
Your white imp misses the rat.
The white imp gestures at you. The puff of frost hits you.
* * * LOW HITPOINT WARNING * * *
A necrophage comes into view.
The scorpion misses you.
The white imp shouts, "Slither home, thou pribbling weeb-spouting strumpet!"
The white imp gestures at you. The puff of frost hits you.
You die...

##
####################..
###...........r§r.5.§...
.......s....5r###.......
#....?.@.......##5.r5...
#.....!........5........
#..............###......
#..............###......
#.......................
##.............###..#(##
##.....<......# #......
####..n...... #.####.
#.####.


You could see a necrophage, a scorpion, a white imp (summoned) and 2 rats.

Vanquished Creatures
  An ogre (D:5)
  A phantom (D:4)
  A scorpion (D:3)
  A bullfrog skeleton (D:5)
  Natasha (D:3)
  A hound skeleton (D:4)
  Robin (D:3)
  4 adders
  A worm (D:2)
  A dart slug (D:1)
  8 ball pythons
  7 bats
  5 endoplasms
  3 giant cockroaches
  11 goblins
  8 hobgoblins
  4 jackals (D:3)
  6 frilled lizards
  9 kobolds
  3 rats (D:1)
77 creatures vanquished.

Vanquished Creatures (collateral kills)
  A wyvern skeleton (D:5)
  Natasha (D:3)
  An endoplasm (D:3)
  4 goblins (D:3)
  A hobgoblin (D:3)
  2 frilled lizards (D:1)
  A quokka skeleton (D:4)
11 creatures vanquished.

Vanquished Creatures (others)
  A plant (D:1)
  5 withered plants (D:1)
6 creatures vanquished.

Grand Total: 94 creatures vanquished

Notes
Turn   | Place    | Note
-------+----------+-------------------------------------------
     0 | D:1      | HallandMoats the Demonspawn Monk began the quest for the
                  | Orb.
     0 | D:1      | Reached XP level 1. HP: 18/18 MP: 1/1
   416 | D:1      | Gained mutation: A weak demonic guardian rushes to your
                  | aid. [demonic ancestry]
   416 | D:1      | Reached XP level 2. HP: 24/24 MP: 2/2
   764 | D:1      | Found a faded altar of an unknown god.
   985 | D:1      | Prayed at the altar of an unknown god.
   985 | D:1      | Became a worshipper of Dithmenos the Shadowed
   985 | D:1      | Reached * piety under Dithmenos
   985 | D:1      | Reached ** piety under Dithmenos
  1259 | D:1      | Reached skill level 1 in Invocations
  1909 | D:2      | Reached XP level 3. HP: 27/29 MP: 3/3
  2042 | D:2      | Reached *** piety under Dithmenos
  2988 | D:3      | Noticed Natasha
  3006 | D:3      | Killed Natasha
  3007 | D:3      | Reached skill level 1 in Armour
  3007 | D:3      | Reached XP level 4. HP: 15/37 MP: 5/5
  3415 | D:3      | Noticed Robin
  3418 | D:3      | Noticed a scorpion
  3491 | D:3      | Killed a scorpion
  3492 | D:3      | Reached XP level 5. HP: 29/42 MP: 6/6
  3501 | D:3      | Killed Robin
  3730 | D:3      | Found a faded altar of an unknown god.
  3730 | D:3      | Noticed Natasha
  3737 | D:3      | Killed Natasha
  3738 | D:3      | Found a shadowy altar of Dithmenos.
  3762 | D:3      | Found a transporter.
  3840 | D:3      | Noticed an ice beast
  3876 | D:3      | Noticed Natasha
  4553 | D:3      | Reached **** piety under Dithmenos
  4605 | D:3      | Found a transporter.
  4801 | D:4      | Noticed a phantom
  4821 | D:4      | Killed a phantom
  4822 | D:4      | Reached XP level 6. HP: 31/49 MP: 7/7
  5208 | D:4      | Found Iger's Weapon Emporium.
  5658 | D:5      | Entered Level 5 of the Dungeon
  5908 | D:5      | Noticed Eustachio
  5934 | D:5      | Killed from afar by a white imp

Illustrated notes

Levels and vault maps discovered:
D:1:      scummos_arrival_gate, layout_loops_corners,
          shapermc_ecumenical_altar_flowoftime, minmay_splitting_lines,
          minmay_lizard_pond
D:2:      layout_loops_ring
D:3:      gammafunk_steamed_eel, layout_loops_ring,
          nicolae_overflow_ecumenical_swirl, uniq_robin, uniq_natasha
D:4:      layout_gridville, serial_shops, shop
D:5:      layout_rooms, guppyfry_shop_venom, uniq_eustachio

Skill      XL: |  1  2  3  4  5  6 |
---------------+-------------------+-----
Unarmed Combat | 3 4 |  4.5
Invocations    | 1 2 3 |  3.1
Armour         | 1 2 |  2.1
Dodging        | 3 |  3.6
Fighting       | 4 |  4.9
Stealth        | |  1.7

Action                   |  1- 3 |  4- 6 || total
-------------------------+-------+-------++-------
Melee: Unarmed           |   198 |   201 ||   399
       Punch             |     7 |     7 ||    14
  Use: Scroll            |       |     3 ||     3
       Potion            |       |     2 ||     2
 Stab: Sleeping          |     6 |       ||     6
       Distracted        |       |     1 ||     1
       Invisible         |       |     1 ||     1
Armor: Robe              |    19 |       ||    19
       Scale mail        |    32 |    71 ||   103
Dodge: Dodged            |   102 |   142 ||   244
